Map: Pillars of Gold LE

Players

LiquidTLO (TLO) - Winner!

  • Race: Zerg Zerg
  • League: Master
  • Spawn Location: 7:00

DisK

  • Race: Protoss Protoss
  • League: Grandmaster
  • Spawn Location: 1:00

Event: DreamHack SC2 Masters 2020 Summer North America

VOD

Have the link to the VOD?

Description

Time

  • Played on: June 30, 2020, 3:25 p.m.
  • Length: 5:45

All games in this series

Show
View Real Time Build Order
Export as new Build Order

LiquidTLO Zerg - Winner!

Build Orders: Hatch First 

Get SALT Encoding   

  12  0:00  Drone  
  13  0:13  Overlord  
  13  0:17  Drone  
  14  0:31  Drone x2  
  16  0:50  Hatchery  
  16  0:53  Drone  
  16  0:57  Drone  
  16  1:01  Drone  
  18  1:08  Extractor  
  17  1:18  Spawning Pool  
  16  1:20  Drone  
  16  1:24  Drone  
  18  1:28  Drone  
  19  1:39  Drone  
  20  1:49  Overlord  
  20  2:04  Queen x2  
  20  2:05  Zergling x2  
  25  2:09  Metabolic Boost  
  25  2:13  Drone  
  26  2:16  Drone  
  26  2:19  Drone  
  26  2:22  Drone  
  29  2:28  Drone  
  30  2:41  Hatchery  
  29  2:45  Drone  
  29  2:46  Drone  
  29  2:49  Overlord  
  31  2:55  Overlord  
  30  2:59  Overlord  
  30  3:01  Zergling x2  
  31  3:07  Overlord  
  31  3:10  Zergling x2  
  32  3:14  Zergling x6  
  32  3:16  Zergling x2  
  32  3:18  Zergling x2  
  37  3:20  Zergling x2  
  37  3:22  Zergling x2  
  37  3:24  Zergling x2  
  40  3:30  Drone  
  40  3:32  Drone  
  42  3:35  Queen  
  44  3:42  Drone  
  44  3:43  Drone  
  44  3:45  Drone x3  
  49  3:53  Drone  
  49  3:55  Drone x2  
  50  3:59  Queen  
  50  4:02  Drone  
  51  4:09  Zergling x2  
  50  4:11  Drone  
  50  4:16  Zergling x4  
  52  4:17  Drone  
  52  4:18  Zergling x2  
  52  4:20  Zergling x2  
  52  4:24  Spore Crawler  
  52  4:27  Zergling x2  
  52  4:30  Drone  
  52  4:35  Drone x2  
  52  4:38  Drone x2  
  54  4:39  Drone, Spore Crawler  
  54  4:42  Drone  
  54  4:45  Drone  
  57  4:50  Queen x2  
  61  4:56  Zergling x2  
  61  4:57  Drone  
  61  4:58  Drone  
  64  5:01  Drone  
  65  5:07  Drone x3, Spore Crawler  
  65  5:09  Drone  
  65  5:11  Zergling x2  
  65  5:12  Zergling x2  
  70  5:17  Zergling x2  
  70  5:19  Drone  
  70  5:21  Drone  
  70  5:22  Drone  
  70  5:29  Drone x3  
  74  5:39  Extractor  
  74  5:40  Roach Warren  
Show
View Real Time Build Order
Export as new Build Order

DisK Protoss 

Build Orders: 1 Gate Expand, Oracle Opening 

Get SALT Encoding   

  12  0:00  Probe  
  13  0:12  Probe  
  14  0:20  Pylon  
  14  0:24  Probe  
  15  0:34  Probe  
  15  0:40  Gateway  
  16  0:43  Probe  
  16  0:48  Assimilator  
  17  0:52  Probe  
  18  1:04  Probe  
  19  1:16  Probe  
  20  1:28  Nexus  
  20  1:39  Cybernetics Core  
  20  1:42  Probe  
  21  1:49  Assimilator  
  21  1:54  Probe  
  21  1:59  Pylon  
  22  2:02  Probe  
  23  2:08  Stalker  
  23  2:13  Probe  
  26  2:25  Probe  
  26  2:29  Adept, Stargate  
  27  2:37  Probe  
  27  2:42  Probe  
  31  2:51  Probe  
  32  2:54  Probe  
  33  3:02  Oracle  
  33  3:03  Probe  
  34  3:06  Probe  
  38  3:15  Probe  
  38  3:19  Probe  
  40  3:20  Gateway, Warp Gate  
  40  3:28  Adept  
  40  3:29  Probe  
  44  3:36  Pylon  
  43  3:42  Oracle  
  46  3:54  Probe x2  
  24  4:24  Probe  
  24  4:26  Probe  
  24  4:28  Pylon  
  26  4:32  Probe  
  26  4:38  Probe  
  28  4:43  Probe  
  27  4:50  Probe  
  31  4:55  Probe  
  29  5:02  Probe  
  29  5:05  Pylon  
  29  5:06  Shield Battery  
  26  5:07  Probe  
  26  5:11  Adept  
  26  5:12  Adept  
  30  5:14  Probe  
  30  5:19  Probe  
  30  5:26  Probe  
  31  5:31  Probe  
Tags
 
Add a new tag
Caveats
  • Supply blocks, unpowered buildings, or Contaminate may cause inaccurate times.
  • Supply counts are checked every 10 seconds.